 Dungeon Crawl Stone Soup version 0.31-a0-845-g9abc20d24f (webtiles) character file.

Game seed: 1107867055873592154

9121 Talonman3 the Destroyer (level 11, -6/89 HPs)
             Began as a Yellow Draconian Conjurer on Oct 1, 2023.
             Was a Priest of Nemelex Xobeh.
             Mangled by Nergalle the swamp dragon (8 damage)
             ... on level 1 of the Lair of Beasts.
             The game lasted 00:42:26 (14204 turns).

Talonman3 the Destroyer (DrCj)                     Turns: 14204, Time: 00:42:26

Health: -6/89      AC:  7    Str: 10    XL:     11   Next: 18%
Magic:  14/19      EV: 12    Int: 23    God:    Nemelex Xobeh [***...]
Gold:   589        SH:  3    Dex:  9    Spells: 6/20 levels left

rFire   + . .        w - +3 flail (drain)
rCold   + . .        b - +0 buckler of the Pits of Slime {rPois rF+ rC+}
rNeg    . . .        (body armour unavailable)
rPois   +            (helmet restricted)
rElec   .            (no cloak)
rCorr   +            (no gloves)
SInv    .            (no boots)
Will    .....        (no amulet)
Stlth   +++          C - +4 ring of slaying
HPRegen 0.34/turn    (no ring)
MPRegen 0.16/turn

%: no passive effects
@: no status effects
A: spit acid, AC +7, unfitting armour, cold-blooded, acid resistance
a: Breathe Acid, Renounce Religion, Draw Escape, Draw Destruction, Draw
Summoning, Triple Draw


You were on level 1 of the Lair of Beasts.
You worshipped Nemelex Xobeh.
Nemelex Xobeh was most pleased with you.
You visited 2 branches of the dungeon, and saw 11 of its levels.

You collected 709 gold pieces.
You spent 120 gold pieces at shops.

Inventory:

Hand Weapons
 m - a +1 flail of protection
 s - a +3 morningstar
 w - a +3 flail of draining (weapon)
 y - a +5 flail
 A - a +2 short sword of venom
Missiles
 v - 2 throwing nets
 F - a curare-tipped dart
Armour
 b - the +0 buckler of the Pits of Slime (worn) {rPois rF+ rC+}
   (You acquired it on level 6 of the Dungeon)

   rF+:       It protects you from fire.
   rC+:       It protects you from cold.
   rPois:     It protects you from poison
Magical Staves
 k - a staff of cold
Jewellery
 C - a +4 ring of slaying (left hand)
Wands
 a - a wand of mindburst (6)
 d - a wand of digging (8)
 n - a wand of acid (14)
 o - a wand of paralysis (8)
 E - a wand of polymorph (11)
 H - a wand of iceblast (5)
 I - a wand of flame (31)
Scrolls
 f - 3 scrolls of teleportation
 h - a scroll of silence
 i - 2 scrolls of butterflies
 p - 2 scrolls of blinking
 t - 3 scrolls of vulnerability
 u - 2 scrolls of immolation
 G - a scroll of fear
Potions
 c - 2 potions of haste
 e - a potion of enlightenment {unknown}
 g - a potion of might {unknown}
 j - 2 potions of lignification
 l - a potion of mutation {unknown}
 q - 2 potions of brilliance
 r - a potion of invisibility {unknown}
 x - 3 potions of berserk rage {unknown}
 z - 2 potions of heal wounds
 B - 7 potions of curing
 D - 2 potions of cancellation


   Skills:
 + Level 6.0 Fighting
 + Level 5.4 Dodging
 + Level 5.8 Stealth
 + Level 5.3 Spellcasting
 * Level 9.1 Conjurations
 * Level 6.7 Hexes
 * Level 5.8 Translocations
 * Level 3.8 Air Magic
 + Level 3.4 Invocations


You had 6 spell levels left.
You knew the following spells:

 Your Spells              Type           Power      Damage    Failure   Level
a - Magic Dart            Conj           100%       1d8       1%          1
b - Searing Ray           Conj           96%        2d7       1%          2
c - Fulminant Prism       Conj/Hex       21%        3d12      5%          4
d - Iskenderun's Mystic   Conj/Tloc      40%        2d9       6%          4
e - Swiftness             Air            23%        N/A       9%          3

Your spell library contained the following spells:

 Spells                   Type           Power      Damage    Failure   Level
 Shock                    Conj/Air       100%       1d9       1%          1
 Slow                     Hex            100%       N/A       1%          1
 Blink                    Tloc           64%        N/A       1%          2
 Lesser Beckoning         Tloc           64%        N/A       1%          2
 Momentum Strike          Conj/Tloc      80%        3d10      1%          2
 Dazzling Flash           Conj/Hex       84%        N/A       1%          3
 Confusing Touch          Hex            37%        N/A       2%          3
 Sigil of Binding         Hex            37%        N/A       2%          3
 Ensorcelled Hibernation  Hex/Ice        42%        N/A       5%          2
 Stone Arrow              Conj/Erth      54%        3d10      6%          3
 Sandblast                Erth           12%        2d6       14%         1
 Passwall                 Tmut/Erth      5%         N/A       21%         2
 Brom's Barrelling Bould  Conj/Erth      27%        2d5       22%         4
 Airstrike                Air            11%        2d(2-18)  28%         4
 Vampiric Draining        Necr           6%         2d6       38%         3


Dungeon Overview and Level Annotations

Branches:
Dungeon (10/15)            Temple (0/1) D:7            Lair (1/5) D:9
    Orc: D:9-12

Altars:
Fedhas
Gozag
Nemelex Xobeh
Okawaru
Sif Muna
Trog
Uskayaw
Vehumet
Wu Jian
Xom
Yredelemnul
The Shining One

Shops:
D:8 !

Annotations:
Lair:1 Nergalle


Innate Abilities, Weirdness & Mutations

You can spit globs of acid.
Your golden yellow scales are hard. (AC +7)
You cannot fit into any form of body armour.
You are cold-blooded and may be slowed by cold attacks.
You are resistant to acid. (rCorr)


Message History

The spectral orc is knocked back by the gust of wind.
The spectral orc knight is knocked back by the gust of wind.
The electrical discharge engulfs the plant!!!
The plant begins to die.
The plant is moderately damaged.
The electrical discharge engulfs the spectral orc!!!
You destroy the spectral orc!
The spectral orc disappears in a puff of smoke!
You hear violent peals of thunder!
You hear a croak.
Nergalle breathes poison at you. The blast of poison engulfs you. You resist.
Casting: Fulminant Prism (dangerous; 5% risk of failure)
Confirm with . or Enter, or press ? or * to list all spells.
Aiming: Searing Ray (safe; 1% risk of failure)
Press: ? - help, Shift-Dir - straight line, f - Nergalle
Aim: Nergalle the swamp dragon (poison gas, catching its breath, 90% to hit)
The searing ray misses Nergalle. (Press . to maintain the ray.)
The searing ray hits Nergalle but does no damage.
The spectral orc knight hits you with a +3 war axe.
Nergalle barely misses you. Nergalle claws you. Nergalle tramples you!
You hold your ground!
The searing ray hits Nergalle!
Nergalle is lightly wounded.
A nearby plant withers and dies.
The spectral orc knight hits you with a +3 war axe!
Nergalle bites you! Nergalle barely misses you. You block Nergalle's attack.
The searing ray misses Nergalle.
You finish channelling your searing ray.
The spectral orc knight hits you with a +3 war axe!!
* * * LOW HITPOINT WARNING * * *
Nergalle bites you!
* * * LOW HITPOINT WARNING * * *
Nergalle claws you but does no damage. You block Nergalle's attack.
The spectral orc knight hits you with a +3 war axe!
* * * LOW HITPOINT WARNING * * *
Nergalle bites you!
You die...
Your body glows slightly and disappears.

### ##..###
##.......
##.°.)....
##°Z°○.....
#..@.......
#....D○......
##...........
#...........
#.[......###
........##
##.....###
#.#####


You could see Nergalle the swamp dragon and a spectral orc knight (summoned).

Vanquished Creatures
  2 two-headed ogres
  Amaemon (D:9)
  Pikel (D:4)
  A komodo dragon (D:9)
  An orange demon (D:9)
  A troll (D:10)
  A hornet (D:8)
  Grinder (D:5)
  Sigmund (D:4)
  A wraith (D:10)
  3 wyverns
  A yak (D:9)
  A basilisk (Lair:1)
  A steam dragon (D:6)
  Menkaure (D:7)
  An acid dragon (D:10)
  2 water moccasins (D:9)
  An ice beast (D:5)
  2 sky beasts
  3 orc warriors
  3 black bears
  5 centaurs
  A lemure (D:4)
  2 phantoms
  3 kobold brigands
  2 gnoll sergeants
  3 bullfrogs
  2 scorpions
  12 wights
  9 killer bees
  2 howler monkeys (D:8)
  A jelly (D:6)
  6 hounds
  A gnoll bouda (D:7)
  5 orc priests
  A sleepcap (D:5)
  5 iguanas
  6 orc wizards
  Ijyb (D:4)
  10 adders
  22 gnolls
  A shadow imp (D:6)
  A white imp (D:7)
  An ufetubus (D:7)
  A worm (D:4)
  A dart slug (D:3)
  36 orcs
  11 endoplasms
  4 giant cockroaches
  2 goblins
  9 hobgoblins
  3 jackals (D:2)
  5 quokkas
  10 ball pythons
  7 bats
  A frilled lizard (D:1)
  14 kobolds
  4 rats
240 creatures vanquished.

Vanquished Creatures (others)
  A jelly (D:8)
  99 fulminant prisms
100 creatures vanquished.

Grand Total: 340 creatures vanquished

Notes
Turn   | Place    | Note
-------+----------+-------------------------------------------
     0 | D:1      | Talonman3 the Draconian Conjurer began the quest for the
                  | Orb.
     0 | D:1      | Reached XP level 1. HP: 14/14 MP: 3/3
   276 | D:1      | Reached XP level 2. HP: 20/20 MP: 0/5
   279 | D:1      | Learned a level 2 spell: Searing Ray
  1207 | D:2      | Reached XP level 3. HP: 27/27 MP: 3/6
  1452 | D:2      | Reached skill level 1 in Fighting
  1520 | D:2      | Reached XP level 4. HP: 35/35 MP: 2/7
  2197 | D:3      | Reached XP level 5. HP: 40/40 MP: 3/8
  2272 | D:3      | Learned a level 4 spell: Fulminant Prism
  2340 | D:3      | Found an ornate altar of the Wu Jian Council.
  2357 | D:3      | Found a faded altar of an unknown god.
  2390 | D:3      | Reached skill level 5 in Conjurations
  3521 | D:4      | Reached skill level 1 in Hexes
  3558 | D:4      | Noticed Pikel
  3558 | D:4      | Noticed a lemure
  3561 | D:4      | Noticed a lemure
  3563 | D:4      | Noticed a lemure
  3563 | D:4      | Noticed a lemure
  3570 | D:4      | Killed a lemure
  3574 | D:4      | Killed Pikel
  3575 | D:4      | Reached XP level 6. HP: 15/50 MP: 2/10
  3575 | D:4      | Your scales start taking on a golden yellow colour.
  3575 | D:4      | Reached XP level 7. HP: 17/56 MP: 2/11
  3575 | D:4      | Gained mutation: You are resistant to acid. (rCorr) [Yellow
                  | Draconian growth]
  4063 | D:4      | Reached skill level 6 in Conjurations
  4115 | D:4      | Noticed Sigmund
  4125 | D:4      | Killed Sigmund
  4355 | D:4      | Noticed Ijyb
  4355 | D:4      | Paralysed by Ijyb for 5 turns
  4363 | D:4      | Paralysed by Ijyb for 2 turns
  4370 | D:4      | Killed Ijyb
  4463 | D:4      | Reached XP level 8. HP: 63/63 MP: 8/13
  4648 | D:5      | Entered Level 5 of the Dungeon
  4698 | D:5      | Found a shimmering blue altar of Sif Muna.
  5012 | D:5      | Noticed Grinder
  5021 | D:5      | Killed Grinder
  5103 | D:5      | Learned a level 4 spell: Iskenderun's Mystic Blast
  5240 | D:5      | Reached skill level 1 in Translocations
  5545 | D:5      | Found an opulent altar of Gozag.
  5554 | D:5      | Found a sparkling altar of Nemelex Xobeh.
  5554 | D:5      | Found an iron altar of Okawaru.
  5554 | D:5      | Found a shimmering altar of Xom.
  5554 | D:5      | Found a hide-covered altar of Uskayaw.
  5555 | D:5      | Found a radiant altar of Vehumet.
  5558 | D:5      | Found a blossoming altar of Fedhas.
  5562 | D:5      | Became a worshipper of Nemelex Xobeh the Trickster
  5658 | D:5      | Found a bloodstained altar of Trog.
  6175 | D:6      | Reached skill level 7 in Conjurations
  6296 | D:6      | Reached * piety under Nemelex Xobeh
  6392 | D:6      | Reached XP level 9. HP: 7/71 MP: 10/15
  7443 | D:6      | Identified a scroll of acquirement
  7443 | D:6      | Acquired the +0 buckler of the Pits of Slime {rPois rF+
                  | rC+}
  7902 | D:7      | Received a gift from Nemelex Xobeh
  8062 | D:7      | Reached skill level 5 in Hexes
  8165 | D:7      | Noticed Menkaure
  8176 | D:7      | Killed Menkaure
  8350 | D:7      | Reached skill level 1 in Invocations
  8641 | D:7      | Reached ** piety under Nemelex Xobeh
  8648 | D:7      | Reached skill level 5 in Stealth
  8846 | D:7      | Received a gift from Nemelex Xobeh
  8888 | D:7      | Found a staircase to the Ecumenical Temple.
  9373 | D:8      | Reached skill level 5 in Fighting
  9548 | D:8      | HP: 1/74 [orc warrior/+0 halberd (11)]
  9787 | D:8      | Reached skill level 8 in Conjurations
 10209 | D:8      | Reached XP level 10. HP: 81/81 MP: 12/17
 10324 | D:8      | Learned a level 3 spell: Swiftness
 10538 | D:8      | Found Neereut's Distillery.
 10546 | D:8      | Bought a potion of heal wounds for 60 gold pieces
 10546 | D:8      | Bought a potion of heal wounds for 60 gold pieces
 10561 | D:8      | Found a glowing golden altar of the Shining One.
 10618 | D:8      | Found a basalt altar of Yredelemnul.
 10620 | D:8      | Noticed a profane servitor
 10818 | D:8      | Noticed an angel
 10895 | D:9      | Reached skill level 1 in Air Magic
 11587 | D:9      | Reached skill level 5 in Dodging
 11966 | D:9      | Reached skill level 5 in Spellcasting
 12127 | D:9      | Noticed a two-headed ogre
 12137 | D:9      | Killed a two-headed ogre
 12138 | D:9      | Reached skill level 5 in Translocations
 12260 | D:9      | Found a staircase to the Lair.
 12529 | D:9      | Received a gift from Nemelex Xobeh
 12713 | D:9      | Noticed an orange demon
 12714 | D:9      | Noticed Amaemon
 12727 | D:9      | Killed Amaemon
 12729 | D:9      | Killed an orange demon
 13006 | D:10     | Entered Level 10 of the Dungeon
 13123 | D:10     | Reached XP level 11. HP: 89/89 MP: 10/18
 13291 | D:10     | Reached *** piety under Nemelex Xobeh
 13389 | D:10     | Noticed a two-headed ogre
 13775 | D:10     | Reached skill level 9 in Conjurations
 13913 | D:10     | Killed a two-headed ogre
 14028 | D:10     | Received a gift from Nemelex Xobeh
 14095 | Lair:1   | Entered Level 1 of the Lair of Beasts
 14104 | Lair:1   | Noticed Nergalle
 14176 | Lair:1   | Nergalle changed into Nergalle the swamp dragon
 14176 | Lair:1   | Noticed Nergalle
 14204 | Lair:1   | HP: 2/89 [spectral orc knight/+3 war axe[Nergalle] (8)]
 14204 | Lair:1   | Mangled by Nergalle the swamp dragon

Illustrated notes

Levels and vault maps discovered:
D:1:      erik_arrival_blinker_ship, layout_rooms, grunt_decor_mini_mirrors
D:2:      minmay_inner_zag, layout_basic
D:3:      layout_basic, general_overflow_altar,
          chequers_ecumenical_altar_simple, minmay_statues_item
D:4:      layout_basic, serial_rivers, chequers_serial_rivers_micro_e,
          chequers_serial_rivers_small_a, chequers_serial_rivers_small_b,
          chequers_serial_rivers_micro_b, chequers_serial_rivers_micro_e,
          chequers_serial_rivers_large_a, mrwooster_statue_mirror, uniq_ijyb,
          uniq_sigmund, uniq_pikel
D:5:      layout_gridville, trog_butcher_becter, old_standard_altar, minitemple,
          serial_bayou, serial_bayou_shore_b, serial_bayou_ford_a,
          serial_bayou_pond_e, serial_bayou_shore_b,
          minmay_misc_feat_secret_circle, serial_bayou_lagoon_a, uniq_grinder
D:6:      layout_gridville, minmay_misc_feat_cross
D:7:      layout_basic, minmay_temple_entry_mist, uniq_menkaure
D:8:      layout_cave_pools, grunt_temple_overflow_holy_war, serial_shops,
          nicolae_shop_statue_plus, kennysheep_generic_room_10
D:9:      layout_loops_ring, due_lair_maze_entry_diamond, serial_glass,
          glass_columns_a, glass_columns_b, uniq_amaemon
D:10:     layout_gridville
Lair:1:   layout_cave_pods, serial_bayou_pond_e, uniq_nergalle, uniq_sonja

Skill      XL: |  1  2  3  4  5  6  7  8  9 10 11 |
---------------+----------------------------------+-----
Stealth        | 2 3 4 5 |  5.8
Dodging        | 2 3 4 5 |  5.4
Fighting       | 1 2 3 4 5 6 |  6.0
Conjurations   | 5 6 7 8 9 |  9.1
Hexes          | 2 3 4 5 6 |  6.7
Spellcasting   | 3 4 5 |  5.3
Translocations | 2 4 5 |  5.8
Invocations    | 1 3 |  3.4
Air Magic      | 3 |  3.8

Action                     |  1- 3 |  4- 6 |  7- 9 | 10-12 || total
---------------------------+-------+-------+-------+-------++-------
  Melee: Unarmed           |    28 |       |       |       ||    28
         Tailslap          |     4 |     4 |    10 |    10 ||    28
         Hand axe          |       |    51 |       |       ||    51
         Flail             |       |    14 |   106 |    47 ||   167
   Cast: Magic Dart        |    82 |    19 |    12 |       ||   113
         Searing Ray       |       |    14 |    26 |     7 ||    47
         Fulminant Prism   |       |       |    38 |    61 ||    99
         Iskenderun's Myst |       |       |     5 |    13 ||    18
 Invoke: Draw Destruction  |       |       |       |     4 ||     4
Ability: Breathe Acid      |       |       |     5 |     4 ||     9
  Evoke: Wand              |       |       |     7 |     1 ||     8
    Use: Potion            |       |     1 |     2 |       ||     3
         Scroll            |       |       |    17 |     2 ||    19
   Stab: Sleeping          |       |     1 |     1 |       ||     2
         Distracted        |       |       |     1 |       ||     1
         Paralysed         |       |       |     1 |       ||     1
 Armour: Skin              |    28 |    54 |   168 |   104 ||   354
  Dodge: Dodged            |    23 |    59 |   139 |    63 ||   284
  Block: Buckler           |       |       |    13 |    18 ||    31

Table legend: (Time is in decaauts)
 A = Elapsed time spent in this place.
 B = Non-inter-level travel time spent in this place.
 C = Inter-level travel time spent in this place.
 D = Time resting spent in this place.
 E = Time spent auto-exploring this place.
 F = Levels seen in this place.
 G = Mean time per level.
                   A        B        C        D        E       F      G
               +--------+--------+--------+--------+--------+-----+--------+
         Total |  14359 |  13723 |    636 |   4780 |   7108 |  11 | 1305.4 |
       Dungeon |  14335 |  13700 |    635 |   4778 |   7108 |  10 | 1433.5 |
          Lair |     23 |     23 |      0 |      2 |      0 |   1 |   23.0 |
               +--------+--------+--------+--------+--------+-----+--------+

Top non-repeatable levels by time:
     D:9: 2145 daAuts
     D:6: 2040 daAuts
     D:7: 1573 daAuts
     D:4: 1533 daAuts
     D:5: 1496 daAuts
     D:8: 1493 daAuts
     D:2: 1189 daAuts
     D:1: 1004 daAuts
     D:3: 964 daAuts
    D:10: 893 daAuts
  Lair:1: 23 daAuts
